AoeStats
← Pab10

Arena

510039595Analyzed
4v4 RM · 4d ago on Sep 29, 2026· 47m 18s· 8 players
Game mode
Random Map
Map size
Large (8 player)
Population
200
Speed
Normal
Resources
Standard
Victory
Conquest
Starting age
Dark Age
Ending age
Imperial Age
RankedLock teamsTeams togetherTeam positionsShared explorationLock speedFull tech treeHidden civsTurbo modeCheats
Victory
Defeat
🇦🇷 Byzantines · Argentina
1527
+8
🇦🇷 Jurchens · Argentina
1516
+8
🇳🇴 Italians · Norway
1404
+12
🇦🇷 Sicilians · Argentina
1309
+16
🇲🇽 Bulgarians · Mexico
1340
-12
🇨🇳 Gurjaras · China
1330
-11
🇫🇷 Dravidians · France
1327
-11
🇦🇺 Mongols · Australia
1307
-10
Cryptomage
7:25 Loom
11:07 Feudal Age
15:16 Castle Age
13:26 Horse Collar
13:42 Double-Bit Axe
23:14 Heavy Plow
25:53 Forging
25:52 Scale Mail Armor
28:40 Gold Mining
32:55 Imperial Age
31:05 Wheelbarrow
32:50 Fletching
33:01 Padded Archer Armor
33:35 Pikeman
34:15 Squires
34:34 Chain Mail Armor
34:14 Bodkin Arrow
34:06 Crossbowman
34:52 Thumb Ring
35:38 Plate Mail Armor
35:44 Iron Casting
35:11 Bracer
35:11 Gambesons
35:06 Halberdier
35:32 Arbalester
38:21 Blast Furnace
39:00 Ballistics
39:49 Chemistry
40:50 Leather Archer Armor
43:47 Masonry
xblxavier
10:58 Feudal Age
14:42 Castle Age
12:37 Double-Bit Axe
13:17 Stone Mining
13:50 Loom
15:00 Fletching
15:45 Horse Collar
17:14 Bodkin Arrow
20:09 Bow Saw
21:33 Gold Mining
22:18 Heavy Plow
31:10 Imperial Age
30:16 Gold Shaft Mining
33:55 Conscription
34:21 Scale Barding Armor
34:27 Forging
39:54 Wheelbarrow
42:04 Hand Cart
43:27 Heavy Scorpion
46:33 Chemistry
45:53 Ballistics
Shotel California
10:14 Feudal Age
9:50 Loom
11:09 Double-Bit Axe
14:38 Fletching
19:01 Castle Age
19:46 Wheelbarrow
22:03 Bodkin Arrow
23:41 Guard Tower
35:30 Imperial Age
32:56 Town Watch
33:49 Gold Mining
33:50 Horse Collar
35:29 Bow Saw
36:19 Bracer
36:43 Ballistics
38:41 Masonry
39:10 Hoardings
44:22 Chemistry
Faustino
11:06 Feudal Age
15:03 Castle Age
14:58 Scale Barding Armor
15:05 Forging
15:37 Loom
19:32 Horse Collar
22:56 Bloodlines
25:39 Wheelbarrow
27:04 Hand Cart
32:05 Imperial Age
30:12 Heavy Plow
30:57 Stone Mining
30:58 Gold Mining
31:59 Husbandry
32:59 Chain Barding Armor
33:00 Heavy Camel Rider
35:49 Plate Barding Armor
35:26 Siege Elephant
37:59 Iron Casting
38:28 Gold Shaft Mining
37:40 Double-Bit Axe
39:54 Frontier Guards
41:28 Conscription
41:25 Bow Saw
43:02 Town Watch
45:35 Chemistry
45:44 Light Cavalry
PNAL | Trafalgar
11:02 Feudal Age
12:16 Double-Bit Axe
12:22 Horse Collar
14:54 Castle Age
15:45 Bow Saw
24:16 Loom
31:15 Imperial Age
29:33 Wheelbarrow
30:08 Heavy Plow
30:08 Gold Mining
30:49 Scale Barding Armor
32:20 Chain Barding Armor
32:52 Hand Cart
33:38 Plate Barding Armor
33:56 Crop Rotation
34:26 Two-Man Saw
33:49 Forging
34:52 Fletching
36:10 Bodkin Arrow
35:54 Pikeman
36:35 Squires
40:15 Chemistry
39:43 Ballistics
39:40 Husbandry
42:01 Bloodlines
42:03 Forging
42:48 Caravan
42:41 Town Watch
44:10 Iron Casting
43:38 Halberdier
44:25 Scale Mail Armor
44:54 Conscription
44:01 Elite Iron Pagoda
PNAL | ToroARG
11:18 Feudal Age
12:20 Horse Collar
12:27 Double-Bit Axe
15:57 Castle Age
16:58 Scale Barding Armor
17:03 Forging
20:44 Chain Barding Armor
21:35 Bloodlines
22:57 Iron Casting
22:42 Heavy Plow
26:14 Wheelbarrow
25:27 Town Watch
27:57 Hand Cart
28:22 Gold Mining
28:22 Stone Mining
31:43 Devotion
31:48 Husbandry
38:19 Imperial Age
36:31 Scale Mail Armor
39:19 Hauberk
38:59 Cavalier
40:27 Plate Barding Armor
40:50 Gold Shaft Mining
41:21 Blast Furnace
42:48 Bow Saw
43:10 Crop Rotation
44:25 Chain Mail Armor
44:34 First Crusade
45:37 Capped Ram
47:07 Pikeman
47:07 Man-at-Arms
47:34 Gambesons
47:49 Squires
47:34 Arson
47:13 Light Cavalry
PNAL | Machete
5:54 Loom
8:26 Feudal Age
9:29 Double-Bit Axe
14:57 Fletching
21:14 Horse Collar
27:41 Castle Age
28:33 Bodkin Arrow
29:12 Guard Tower
32:23 Imperial Age
31:16 Ballistics
31:09 Murder Holes
31:26 Masonry
34:29 Chemistry
34:05 Keep
34:05 Fortified Wall
36:30 Bracer
36:48 Treadmill Crane
37:38 Architecture
46:22 Caravan
Pab10
10:35 Feudal Age
10:55 Feudal Age
14:30 Castle Age
12:37 Horse Collar
13:22 Double-Bit Axe
15:34 Bow Saw
16:51 Heavy Plow
20:46 Wheelbarrow
21:12 Gold Mining
21:12 Stone Mining
22:19 Hand Cart
22:50 Gold Shaft Mining
24:51 Stone Shaft Mining
24:57 Fervor
24:57 Loom
25:17 Treadmill Crane
28:23 Imperial Age
25:45 Loom
27:09 Scale Barding Armor
27:17 Murder Holes
29:22 Chain Barding Armor
28:31 Elite Cataphract
30:27 Conscription
30:19 Forging
31:24 Guilds
33:22 Plate Barding Armor
33:42 Hoardings
33:42 Logistica
35:45 Two-Man Saw
35:15 Crop Rotation
37:37 Coinage
38:01 Husbandry
38:38 Iron Casting
39:16 Banking
39:20 Caravan
42:01 Fletching
42:33 Ballistics
42:58 Greek Fire
44:00 Chemistry
Connection lost

Rejoining the realm…

Still unreachable

The connection could not be restored.

Session expired

The server has moved on; the page needs a fresh start.